 Dungeon Crawl Stone Soup version 0.29.1-2-gbd0b4ee654 (webtiles) character file.

Game seed: 14937979639357920384

56424 croobank the Transmogrifier (level 14, -5/80 (82) HPs)
             Began as a Demonspawn Conjurer on Nov 1, 2022.
             Was an Initiate of Gozag.
             Slain by an orc knight
             ... wielding a +3 battleaxe of freezing
              (10 damage)
             ... on level 1 of the Orcish Mines.
             The game lasted 02:36:15 (29581 turns).

croobank the Transmogrifier (Demonspawn Conjurer)  Turns: 29581, Time: 02:36:16

HP:   -5/80 (82)    AC: 20    Str: 15    XL:     14   Next: 42%
MP:   0/24          EV: 14    Int: 26    God:    Gozag
Gold: 1769          SH:  4    Dex: 12    Spells: 1/26 levels left

rFire   + + .      SeeInvis .   a - +6 hand axe of Hubris {spect, rElec rF++ Int+3}
rCold   . . .      Faith    .   (no shield)
rNeg    . . .      Spirit   +   W - +0 robe of Oblivion {rPois}
rPois   +          Reflect  .   (helmet restricted)
rElec   +          Harm     .   k - +2 cloak
rCorr   .          Rampage  .   Z - +1 pair of gloves
Will    +....      Clarity  +   F - +2 pair of boots
Stlth   ++........              l - amulet of regeneration
HPRegen 1.03/turn               x - +6 ring of strength
MPRegen 0.38/turn               (no ring)

@: mighty, lightly drained, invisible, unable to read
A: horns 2, thin metallic scales 1, icemail 2, magic shield, magic regeneration,
magic link, condensation shield, clarity, frail 2, inability to read after
injury 1
a: Renounce Religion, Potion Petition, Call Merchant, Bribe Branch


You were on level 1 of the Orcish Mines.
You worshipped Gozag.
Gozag was most pleased with you.
You visited 4 branches of the dungeon, and saw 19 of its levels.
You also visited: Bailey and Gauntlet.

You collected 5606 gold pieces.
You spent 295 gold pieces at shops.
You paid 3542 gold pieces to Gozag.

Inventory:

Hand Weapons
 a - the +6 hand axe of Hubris (weapon) {spect, rElec rF++ Int+3}
   (You bought it in a shop on level 5 of the Dungeon)

   When its wielder attacks, the weapon's spirit leaps out and strikes again.
   The spirit shares a part of any damage it takes with its wielder.
   Int:       It affects your intelligence (+3).
   rF:        It greatly protects you from fire.
   rElec:     It insulates you from electricity.
 f - a +0 sling
 i - a +2 scimitar of draining
 m - a +4 shortbow
 p - a +2 flail of pain
 r - a +2 vampiric dagger
 s - a +1 demon whip of venom
 u - a +2 dagger of draining
 G - a +3 vampiric lajatang
 I - a +5 great sword of venom
 J - a +2 halberd of freezing
 P - a +2 short sword of speed
 Q - the +7 rapier of Causality {freeze, Will+ Str+3 SInv}
   (You found it on level 10 of the Dungeon)

   It freezes those it strikes, dealing additional cold damage.
   It can also slow down cold-blooded creatures.
   Str:       It affects your strength (+3).
   SInv:      It lets you see invisible.
   Will:      It increases your willpower.
Missiles
 g - 14 boomerangs (quivered)
 h - 6 curare-tipped darts
 D - 3 throwing nets
 H - 5 javelins
Armour
 e - a +0 leather armour
 k - a +2 cloak (worn)
 F - a +2 pair of boots (worn)
 M - a +2 robe of positive energy
 W - the +0 robe of Oblivion (worn) {rPois}
   (You found it on level 11 of the Dungeon)

   rPois:     It protects you from poison.
 Z - a +1 pair of gloves (worn)
Jewellery
 j - an amulet of reflection
 l - an amulet of regeneration (around neck)
 o - a ring of ice
 q - a ring of fire
 x - a +6 ring of strength (left hand)
Wands
 B - a wand of paralysis (12)
 K - a wand of acid (9)
 O - a wand of mindburst (4)
 S - a wand of flame (23)
 X - a wand of roots (9)
Scrolls
 b - a scroll of magic mapping
 c - 4 scrolls of vulnerability
 n - 2 scrolls of butterflies
 w - 2 scrolls of silence
 y - 4 scrolls of teleportation
 z - 2 scrolls of amnesia
 U - a scroll of identify
 V - 2 scrolls of brand weapon
 Y - a scroll of torment
Potions
 d - 6 potions of brilliance
 t - 5 potions of curing
 v - 2 potions of mutation
 A - 2 potions of resistance
 C - a potion of flight
 L - a potion of cancellation
 N - a potion of lignification
 R - 2 potions of berserk rage
 T - a potion of attraction


   Skills:
 - Level 7.0 Fighting
 - Level 3.6 Axes
 - Level 6.7 Dodging
 - Level 2.1 Stealth
 + Level 1.2 Unarmed Combat
 - Level 6.9 Spellcasting
 - Level 8.3 Conjurations
 - Level 4.3 Translocations
 + Level 12.4 Transmutations
 - Level 3.0 Fire Magic
 + Level 12.4 Air Magic
 - Level 6.8 Poison Magic


You had one spell level left.
You knew the following spells:

 Your Spells              Type           Power      Damage    Failure   Level
a - Magic Dart            Conj           100%       1d8       1%          1
b - Searing Ray           Conj           100%       2d8       1%          2
c - Blink                 Tloc           62%        N/A       1%          2
d - Mephitic Cloud        Conj/Pois/Air  54%        N/A       1%          3
e - Ignite Poison         Fire/Tmut/Pois 47%        N/A       1%          3
f - Iskenderun's Mystic   Conj/Tloc      41%        2d9       4%          4
g - Dazzling Flash        Conj/Hex       60%        N/A       3%          3
h - Storm Form            Tmut/Air       32%        N/A       32%         7

Your spell library contained the following spells:

 Spells                   Type           Power      Damage    Failure   Level
 Apportation              Tloc           62%        N/A       1%          1
 Foxfire                  Conj/Fire      100%       2x1d9     1%          1
 Necrotise                Necr           32%        1d5       6%          1
 Summon Small Mammal      Summ           32%        N/A       6%          1
 Conjure Flame            Conj/Fire      38%        6-21      1%          3
 Flame Wave               Conj/Fire      38%        2d10      6%          4
 Inner Flame              Hex/Fire       16%        N/A       10%         3
 Freezing Cloud           Conj/Ice/Air   22%        6-21      11%         5
 Fulminant Prism          Conj/Hex       15%        3d11      12%         4
 Eringya's Noxious Bog    Tmut/Pois      28%        N/A       19%         6
 Manifold Assault         Tloc           31%        N/A       30%         5
 Summon Forest            Summ/Tloc      10%        N/A       58%         5
 Summon Hydra             Summ           4%         N/A       100%        7


Dungeon Overview and Level Annotations

Branches:
Dungeon (11/15)            Temple (1/1) D:7            Lair (5/5) D:9
  Swamp (0/4) Lair:2        Snake (0/4) Lair:3        Slime (0/5) Lair:4
    Orc (2/2) D:10            Elf (0/3) Orc:2        Bailey (visited)
Gauntlet (visited)

Altars:
Ashenzari
Cheibriados
Dithmenos
Fedhas
Gozag
Makhleb
Qazlal
Ru
Sif Muna
Uskayaw
Wu Jian
Xom
Jiyva

Shops:
D:5 (   Orc:2 [

Portals:
Ice
Cave: D:11

Annotations:
Lair:2 2 transporters
Lair:4 3 runed translucent doors, funnyparkerb's ghost, journeyman VSBr


Innate Abilities, Weirdness & Mutations

You have a pair of horns on your head.
You are partially covered in thin metallic scales. (AC +2)
A meltable icy envelope protects you from harm. (AC +8)
When hurt, damage is shared between your health and your magic reserves.
You regenerate magic rapidly.
When low on magic, you restore magic in place of health.
A meltable shield of frost defends you. (SH +4)
You possess an exceptional clarity of mind.
You are very frail. (-20% HP)
You occasionally lose the ability to read scrolls when taking damage.


Message History

[b] - 240 gold - invisibility and might [c] - 841 gold - haste, heal wounds, resistance and might Purchase which effect?
You feel much better.
You feel better. Magic courses through your body.
You fade into invisibility!
You feel very mighty all of a sudden.
The orc knight hits you with a +3 battleaxe of freezing!!
You feel threatened and lose the ability to read scrolls!
* * * LOW HITPOINT WARNING * * *
The orc knight freezes you.
* * * LOW HITPOINT WARNING * * *
You hit the orc knight. Your headbutt misses the orc knight.
The orc knight is almost dead.
Your +6 hand axe of Hubris {spect, rElec rF++ Int+3} hits the orc knight but does no damage.
The orc knight misses your +6 hand axe of Hubris {spect, rElec rF++ Int+3}.
The orc knight hits you but does no damage.
The orc knight hits your +6 hand axe of Hubris {spect, rElec rF++ Int+3} with a +3 battleaxe of freezing!
Your spectral weapon shares its damage with you!
The orc knight freezes your +6 hand axe of Hubris {spect, rElec rF++ Int+3}.
Your spectral weapon shares its damage with you!
The orc knight misses you.
* * * LOW HITPOINT WARNING * * *
You hit the orc knight.
The orc knight is almost dead.
Your +6 hand axe of Hubris {spect, rElec rF++ Int+3} hits the orc knight.
The orc knight hits you with a +3 battleaxe of freezing!
* * * LOW HITPOINT WARNING * * *
The orc knight freezes you.
* * * LOW HITPOINT WARNING * * *
The orc knight hits your +6 hand axe of Hubris {spect, rElec rF++ Int+3} with a +3 battleaxe of freezing!
Your spectral weapon shares its damage with you!
Your +6 hand axe of Hubris {spect, rElec rF++ Int+3} fades away.
* * * LOW HITPOINT WARNING * * *
Casting: Iskenderun's Mystic Blast (dangerous; 4% risk of failure)
Confirm with . or Enter, or press ? or * to list all spells.
You erupt in a blast of force!
The mystic blast hits the orc knight but does no damage.
The orc knight is almost dead.
The orc knight hits you with a +3 battleaxe of freezing!
You die...
Your body crumbles into a pile of gold.

#.........###.##
### ...#...#.##.###
#.###..###...###
### #...###....##
##..##......#####
#.........###..##
##..#.....#ยง....#
###........[o...##
##.#).##.....@...##
#..)).......$.....#
##.#......#......##
#...##.####.......#
##.##### ##.#.#.##
### #######


You could see an orc knight (unable to see you).

Vanquished Creatures
  A fire dragon (Lair:5)
  2 boulder beetles
  5 hydras
  6 death yaks
  Amaemon (Lair:1)
  A swamp dragon (Lair:5)
  A wizard (D:9)
  2 orc knights (Orc:1)
  A lindwurm (Lair:4)
  3 orc sorcerers (Orc:1)
  A cyclops (D:8)
  4 black mambas
  6 elephants
  2 torpor snails
  An orange demon (Lair:2)
  3 rime drakes (Lair:5)
  12 cane toads
  6 komodo dragons
  12 polar bears
  4 trolls
  34 blink frogs
  A hornet (D:9)
  5 raiju (Lair:5)
  10 dream sheep
  5 wyverns
  36 yaks
  A wraith (D:10)
  8 basilisks
  Eustachio (D:4)
  A vampire mosquito (D:8)
  4 steam dragons
  8 wargs
  5 acid dragons
  A naga (Lair:3)
  12 hell hounds
  Menkaure (D:4)
  14 water moccasins
  17 orc warriors
  2 ice beasts (D:7)
  13 black bears
  2 swamp drakes (Lair:5)
  4 ogres
  6 centaurs
  13 wolves (Lair:5)
  2 kobold brigands
  13 bullfrogs
  A gnoll sergeant (D:8)
  4 necrophages
  3 scorpions
  9 wights
  14 killer bees
  3 electric eels
  9 howler monkeys
  6 orc priests
  3 hounds
  3 jellies
  2 gnoll boudas
  Terence (D:2)
  8 orc wizards
  7 iguanas
  23 gnolls
  5 adders
  A shadow imp (D:6)
  3 white imps
  An ufetubus (D:6)
  2 worms (D:4)
  4 dart slugs
  72 orcs
  5 ball pythons
  2 endoplasms
  A giant cockroach (D:4)
  7 goblins
  6 hobgoblins
  3 quokkas
  3 bats
  2 frilled lizards
  10 kobolds
  A rat (D:2)
  A butterfly (Lair:4)
518 creatures vanquished.

Vanquished Creatures (others)
  A gnoll (Orc:1)
  A shadow imp (D:7)
  38 fungi
  110 plants
150 creatures vanquished.

Grand Total: 668 creatures vanquished

Notes
Turn   | Place    | Note
-------+----------+-------------------------------------------
     0 | D:1      | croobank the Demonspawn Conjurer began the quest for the
                  | Orb.
     0 | D:1      | Reached XP level 1. HP: 13/13 MP: 3/3
   438 | D:1      | Gained mutation: You have a pair of small horns on your
                  | head. [demonic ancestry]
   438 | D:1      | Reached XP level 2. HP: 19/19 MP: 3/5
   441 | D:1      | Learned a level 2 spell: Searing Ray
   996 | D:2      | Noticed Terence
  1600 | D:2      | Gained mutation: You have a pair of horns on your head.
                  | [demonic ancestry]
  1600 | D:2      | Reached XP level 3. HP: 25/25 MP: 4/6
  1836 | D:3      | Reached skill level 1 in Fighting
  2216 | D:3      | Reached XP level 4. HP: 32/32 MP: 5/7
  2327 | D:3      | You fall into a shaft and drop 2 floors!
  2327 | D:5      | Entered Level 5 of the Dungeon
  2327 | D:5      | Found an ornate altar of the Wu Jian Council.
  2339 | D:5      | Noticed a necrophage
  2341 | D:5      | Noticed a kobold brigand
  2428 | D:4      | Learned a level 2 spell: Blink
  2528 | D:4      | Noticed Eustachio
  3317 | D:3      | Learned a level 3 spell: Mephitic Cloud
  3435 | D:2      | Found a stormy altar of Qazlal.
  3487 | D:2      | Killed Terence
  3488 | D:2      | Gained mutation: You regenerate magic rapidly. [demonic
                  | ancestry]
  3488 | D:2      | Reached XP level 5. HP: 25/37 MP: 4/8
  3652 | D:2      | Found a faded altar of an unknown god.
  3998 | D:4      | Reached skill level 1 in Poison Magic
  4158 | D:4      | Reached skill level 1 in Translocations
  4158 | D:4      | Reached skill level 1 in Transmutations
  4158 | D:4      | Reached skill level 1 in Air Magic
  4445 | D:4      | Noticed Menkaure
  4456 | D:4      | Killed Menkaure
  4457 | D:4      | Gained mutation: When hurt, damage is shared between your
                  | health and your magic reserves. [demonic ancestry]
  4457 | D:4      | Reached XP level 6. HP: 44/44 MP: 4/10
  4660 | D:4      | Killed Eustachio
  4661 | D:4      | Reached skill level 5 in Conjurations
  4661 | D:4      | Reached XP level 7. HP: 51/51 MP: 3/11
  4853 | D:5      | Found Pekahuv's Antique Weapon Emporium.
  5335 | D:4      | Gained mutation: You are frail. (-10% HP) [potion of
                  | mutation]
  5335 | D:4      | Gained mutation: You are very frail. (-20% HP) [potion of
                  | mutation]
  5335 | D:4      | Gained mutation: You possess an exceptional clarity of
                  | mind. [potion of mutation]
  5713 | D:5      | Bought a fading hand axe for 232 gold pieces
  5713 | D:5      | Identified the +6 hand axe of Hubris {spect, rElec rF++
                  | Int+3} (You bought it in a shop on level 5 of the Dungeon)
  6228 | D:6      | Gained mutation: A meltable shield of frost defends you.
                  | (SH +4) [demonic ancestry]
  6228 | D:6      | Reached XP level 8. HP: 46/46 MP: 8/13
  6394 | D:6      | Reached skill level 1 in Axes
  7300 | D:7      | Found a flagged portal.
  7340 | Bailey   | Entered a bailey
  7345 | Bailey   | Learned a level 3 spell: Ignite Poison
  7602 | D:7      | Reached XP level 9. HP: 34/52 MP: 5/15
  8393 | D:7      | Reached skill level 1 in Fire Magic
  8706 | D:7      | Found a staircase to the Ecumenical Temple.
  8713 | Temple   | Entered the Ecumenical Temple
  8734 | Temple   | Became a worshipper of Gozag Ym Sagoz the Greedy
  8803 | D:7      | Reached skill level 5 in Spellcasting
  8828 | D:7      | Reached skill level 5 in Dodging
  8977 | D:7      | Reached skill level 5 in Fighting
  9850 | D:8      | Found a snail-covered altar of Cheibriados.
  9854 | D:8      | Reached skill level 5 in Poison Magic
  9949 | D:8      | Found a shadowy altar of Dithmenos.
  9957 | D:8      | Gained mutation: A meltable icy envelope protects you from
                  | harm. (AC +8) [demonic ancestry]
  9957 | D:8      | Reached XP level 10. HP: 54/59 MP: 12/18
 10284 | D:8      | Noticed a boulder beetle
 10285 | D:8      | Noticed a cyclops
 10308 | D:8      | Killed a cyclops
 11012 | D:7      | Learned a level 4 spell: Iskenderun's Mystic Blast
 11778 | D:8      | Learned a level 3 spell: Dazzling Flash
 12033 | D:8      | Found a burning altar of Makhleb.
 12033 | D:8      | Noticed a cacodemon
 12239 | D:9      | Found a staircase to the Lair.
 12453 | D:9      | Paralysed by a hornet for 3 turns
 13247 | D:9      | Noticed a wizard
 13256 | D:9      | Killed a wizard
 13346 | D:9      | Found a blossoming altar of Fedhas.
 13592 | D:10     | Entered Level 10 of the Dungeon
 13813 | D:10     | Found a staircase to the Orcish Mines.
 13871 | D:10     | Identified the +7 rapier of Causality {freeze, Will+ Str+3
                  | SInv}
 14037 | D:10     | Gained mutation: You are partially covered in thin metallic
                  | scales. (AC +2) [demonic ancestry]
 14037 | D:10     | Reached XP level 11. HP: 55/65 MP: 13/20
 14336 | D:11     | Identified the +0 robe of Oblivion {rPois}
 14386 | D:11     | Found a frozen archway.
 14391 | D:11     | Noticed a boulder beetle
 14392 | D:11     | Noticed a two-headed ogre
 14397 | D:11     | Noticed a skeletal warrior
 14459 | Lair:1   | Entered Level 1 of the Lair of Beasts
 14579 | Lair:1   | Found a gate leading to a gauntlet.
 14627 | Gauntlet | Entered a Gauntlet
 14627 | Gauntlet | Found a transporter.
 14630 | Gauntlet | Found a transporter.
 14630 | Gauntlet | Noticed an oklob plant
 14634 | Gauntlet | Found a transporter.
 14642 | Gauntlet | Found a transporter.
 14647 | Gauntlet | Found a transporter.
 14648 | Gauntlet | Noticed a soul eater
 14653 | Gauntlet | Found a runed translucent door.
 14656 | Gauntlet | Found a transporter.
 14657 | Gauntlet | Noticed a fire crab
 14658 | Gauntlet | Found a transporter.
 14661 | Gauntlet | Noticed a necromancer
 14664 | Gauntlet | Noticed a death yak
 14664 | Gauntlet | Noticed a death yak
 14665 | Gauntlet | Noticed a death yak
 14665 | Gauntlet | Noticed a death yak
 14666 | Gauntlet | Found a transporter.
 14670 | Gauntlet | Found a transporter.
 14674 | Gauntlet | Found a runed translucent door.
 14674 | Gauntlet | Noticed a reaper
 14676 | Gauntlet | Found a runed translucent door.
 14678 | Gauntlet | Found a transporter.
 14699 | Gauntlet | Found a transporter.
 14711 | Gauntlet | Found a transporter.
 14723 | Gauntlet | Found a transporter.
 14725 | Gauntlet | Noticed a swamp dragon
 14725 | Gauntlet | a culicivora changed into a swamp dragon
 14735 | Gauntlet | Found a transporter.
 14793 | Gauntlet | Noticed a lindwurm
 14793 | Gauntlet | a guardian serpent changed into a lindwurm
 14794 | Gauntlet | a lindwurm changed into a salamander
 14795 | Gauntlet | Noticed a fire crab
 14795 | Gauntlet | a salamander changed into a fire crab
 14806 | Gauntlet | a fire crab changed into a culicivora
 14810 | Gauntlet | Noticed a mana viper
 14810 | Gauntlet | a culicivora changed into a mana viper
 14814 | Gauntlet | a mana viper changed into a redback
 14858 | Gauntlet | Noticed a spark wasp
 14861 | Gauntlet | Noticed an azure jelly
 14861 | Gauntlet | a spark wasp changed into an azure jelly
 14876 | Gauntlet | Noticed a frost giant
 14876 | Gauntlet | an azure jelly changed into a frost giant
 14877 | Gauntlet | Noticed a golden dragon
 14877 | Gauntlet | a frost giant changed into a golden dragon
 14878 | Gauntlet | Noticed a caustic shrike
 14878 | Gauntlet | a golden dragon changed into a caustic shrike
 14883 | Gauntlet | Noticed a shadow dragon
 14883 | Gauntlet | a caustic shrike changed into a shadow dragon
 15795 | Lair:2   | Noticed Amaemon
 15795 | Lair:2   | Found a staircase to the Swamp.
 15812 | Lair:1   | Killed Amaemon
 16180 | Lair:2   | Noticed a death yak
 16672 | Lair:2   | Noticed a boulder beetle
 17400 | Lair:2   | Noticed an eight-headed hydra
 17531 | Lair:1   | Killed a boulder beetle
 17905 | Lair:2   | Noticed a death yak
 17905 | Lair:2   | Noticed a death yak
 17905 | Lair:2   | Noticed a death yak
 17905 | Lair:2   | Noticed a death yak
 17906 | Lair:2   | Noticed a death yak
 19349 | Lair:1   | Killed a death yak
 19350 | Lair:1   | Reached skill level 5 in Transmutations
 19350 | Lair:1   | Reached skill level 5 in Air Magic
 19523 | Lair:1   | Killed a death yak
 19744 | Lair:2   | You fall into a shaft and drop 1 floor!
 19780 | Lair:3   | Gained mutation: A meltable icy envelope protects you from
                  | harm. (AC +8) [demonic ancestry]
 19780 | Lair:3   | Reached XP level 12. HP: 65/72 MP: 10/22
 20029 | Lair:2   | Found a blossoming altar of Fedhas.
 20822 | Lair:3   | Found a staircase to the Snake Pit.
 21268 | Lair:2   | Killed an eight-headed hydra
 21287 | Lair:2   | Found a transporter.
 21534 | Lair:1   | Killed a death yak
 21601 | Lair:1   | Killed a death yak
 21638 | Lair:1   | Killed a death yak
 21680 | Lair:2   | Killed a death yak
 22364 | Lair:2   | Found a transporter.
 22560 | Lair:4   | Noticed a six-headed hydra
 22608 | Lair:4   | Killed an eight-headed hydra
 22672 | Lair:4   | Gained mutation: When low on magic, you restore magic in
                  | place of health. [demonic ancestry]
 22672 | Lair:4   | Reached XP level 13. HP: 76/76 MP: 11/23
 23068 | Lair:4   | Noticed a minotaur
 23069 | Lair:4   | Noticed funnyparkerb's ghost (journeyman VSBr)
 23092 | Lair:4   | Found a runed translucent gate.
 23092 | Lair:4   | Found a runed translucent gate.
 23092 | Lair:4   | Found a runed translucent gate.
 23095 | Lair:4   | Found a viscous altar of Jiyva.
 23096 | Lair:4   | Found a staircase to the Slime Pits.
 23703 | Lair:5   | Entered Level 5 of the Lair of Beasts
 23791 | Lair:5   | Reached skill level 10 in Transmutations
 23795 | Lair:4   | Reached skill level 10 in Air Magic
 23809 | Lair:4   | HP: 3/76 [poisoned by a cane toad]
 25405 | Lair:5   | Reached XP level 14. HP: 10/82 MP: 5/24
 27007 | Orc:1    | Entered Level 1 of the Orcish Mines
 27262 | Orc:1    | Paralysed by an orc sorcerer for 3 turns
 27439 | Orc:1    | Learned a level 7 spell: Storm Form
 27692 | Orc:2    | Entered Level 2 of the Orcish Mines
 27692 | Orc:2    | Found a staircase to the Elven Halls.
 28274 | Orc:2    | Found Wostreh's Armour Emporium.
 28457 | Orc:1    | Gained mutation: You occasionally lose the ability to read
                  | scrolls when taking damage. [mutagenic glow]
 28969 | Orc:1    | Paralysed by an orc sorcerer for 4 turns
 29249 | Orc:2    | Bought a +0 pair of gloves for 63 gold pieces
 29405 | Orc:1    | Reached skill level 1 in Unarmed Combat
 29577 | Orc:1    | HP: 2/80 [orc knight/+3 battleaxe of freezing (6)]
 29581 | Orc:1    | Slain by an orc knight

Illustrated notes

Levels and vault maps discovered:
D:1:      lemuel_arrival_rhombus, layout_basic
D:2:      layout_basic, basic_altar,
          dreamdust_ecumenical_altar_angels_and_demons, uniq_terence
D:3:      layout_rooms
D:4:      layout_loops_cross, uniq_eustachio, uniq_menkaure
D:5:      layout_cave_pools, amcnicky_altar_gilded, serial_shops,
          nicolae_shop_temple_entry_statues_fountains
D:6:      layout_basic
D:7:      layout_loops_corners, nicolae_overflow_crystal_walls,
          minmay_temple_entry_wispy, serial_bayou, serial_bayou_ford_a,
          serial_bayou_pond_d, serial_bayou_pond_b, serial_bayou_pond_b,
          enter_bailey_7, grunt_ministairs_12, grunt_ogre_cave
D:8:      wad_arrow_thing, layout_loops_ring,
          mainiacjoe_overflow_small_starburst, mainiacjoe_overflow_catwalk,
          makhleb_altar_promises_db
D:9:      cheibrodos_wizards_tower, layout_basic, mainiacjoe_overflow_boulevard,
          lair_entry_dummy, minmay_misc_feat_x
D:10:     layout_cave_pools, orc_0_dummy, grunt_decor_arrowhead
D:11:     layout_cave_pools, portal_ice_cave_entry_pillars_1,
          nicolae_trove_entry_crystal, amethyst_killhole
Temple:   nicolae_temple_bog_church
Lair:1:   layout_loops_ring, gauntlet_entry_generic,
          nicolae_quartered_pool_impasse, serial_bayou_pond_c
Lair:2:   gammafunk_cloud_chamber, layout_cave_shapes, swamp_mist, basic_altar,
          gammafunk_lair_bear_cave, uniq_amaemon
Lair:3:   layout_gridlike, guppyfry_snake_entry_garden, columned_hall_lemuel,
          serial_bayou_shore_a
Lair:4:   layout_roguey, slime_entry_1, maelrawn_ghost_gauntlet_escape,
          enter_volcano_1, beast_lair_carwin_7, infiniplex_staircase_pool,
          lemuel_fruit_fields
Lair:5:   hangedman_lair_caniforms_friends, layout_gridlike,
          guppyfry_lair_end_dragon, grunt_megastairs_2
Orc:1:    layout_caves
Orc:2:    st_orc_town, layout_caves, serial_shops, nicolae_shop_statue_plus,
          mines2_david

Skill      XL: |  1  2  3  4  5  6  7  8  9 10 11 12 13 14 |
---------------+-------------------------------------------+-----
Stealth        | 2 |  2.1
Dodging        | 2 3 4 5 6 |  6.7
Fighting       | 1 2 3 4 5 6 7 |  7.0
Poison Magic   | 1 2 3 4 5 6 |  6.8
Translocations | 1 2 3 4 |  4.3
Transmutations | 1 2 3 5 9 11 12 | 12.4
Air Magic      | 1 2 3 5 9 11 12 | 12.4
Spellcasting   | 3 4 5 6 |  6.9
Conjurations   | 5 6 7 8 |  8.3
Axes           | 1 2 3 |  3.6
Fire Magic     | 1 2 3 |  3.0
Unarmed Combat | 1 |  1.2

Action                   |  1- 3 |  4- 6 |  7- 9 | 10-12 | 13-15 || total
-------------------------+-------+-------+-------+-------+-------++-------
Melee: Dagger            |     4 |       |       |    50 |       ||    54
       Headbutt          |     1 |     4 |    19 |   106 |   129 ||   259
       Scimitar          |       |    34 |    20 |       |       ||    54
       Hand axe          |       |       |    71 |   341 |   524 ||   936
       Punch             |       |       |       |     8 |     7 ||    15
       Demon whip        |       |       |       |    26 |       ||    26
       Unarmed           |       |       |       |       |    32 ||    32
 Fire: Shortbow          |       |       |       |     4 |       ||     4
Throw: Boomerang         |    14 |       |       |       |       ||    14
       Throwing net      |       |       |       |     3 |       ||     3
 Cast: Magic Dart        |    37 |    25 |    71 |    86 |    60 ||   279
       Searing Ray       |     7 |    19 |    48 |    29 |    28 ||   131
       Mephitic Cloud    |       |     1 |    23 |    69 |     1 ||    94
       Blink             |       |       |     2 |     7 |       ||     9
       Ignite Poison     |       |       |    16 |    44 |     1 ||    61
       Iskenderun's Myst |       |       |       |    48 |    44 ||    92
       Dazzling Flash    |       |       |       |     4 |       ||     4
       Storm Form        |       |       |       |       |     4 ||     4
Invok: Potion Petition   |       |       |       |     3 |     6 ||     9
Evoke: Wand              |       |       |     1 |     3 |       ||     4
  Use: Scroll            |     5 |     3 |     5 |    21 |     8 ||    42
       Potion            |       |     1 |     8 |    15 |     1 ||    25
 Stab: Sleeping          |       |     1 |     1 |     1 |     2 ||     5
       Distracted        |       |       |     2 |     3 |     9 ||    14
       Confused          |       |       |     1 |     7 |     3 ||    11
       Paralysed         |       |       |     1 |       |       ||     1
Armor: Robe              |     1 |     6 |       |    68 |   277 ||   352
       Leather armour    |       |     3 |    22 |   124 |       ||   149
       Skin              |       |       |     8 |       |    23 ||    31
Dodge: Dodged            |    12 |    38 |    63 |   352 |   538 ||  1003
Block: Other             |       |       |    14 |   100 |    95 ||   209
